 Dungeon Sprint DCSS version 0.30-a0-122-g2a1322497e (webtiles) character file.

Game seed: 12227155718433553008

165 snetch the Cleaver (level 5, -4/84 HPs)
             Began as a Minotaur Berserker on Sept 16, 2022.
             Was a Priest of Trog.
             Slain by a deep elf pyromancer
             ... wielding a +0 long sword of holy wrath
              (9 damage)
             ... in the Dungeon (Sprint III: "The Ten Rune Challenge").
             The game lasted 00:01:10 (493 turns).

snetch the Cleaver (Minotaur Berserker)              Turns: 493, Time: 00:01:11

Health: -4/84      AC:  2    Str: 24    XL:     5   Next: 22%
Magic:  4/4        EV: 12    Int:  4    God:    Trog [***...]
Gold:   31         SH:  0    Dex:  9    Spells: 4/4 levels left

rFire   . . .      SeeInvis .    a - +0 hand axe
rCold   . . .      Faith    .    (no shield)
rNeg    . . .      Spirit   .    b - +0 animal skin
rPois   .          Reflect  .    (helmet restricted)
rElec   .          Harm     .    (no cloak)
rCorr   .          Rampage  .    (no gloves)
Will    .....      NoTele   +    (no boots)
Stlth   ..........               (no amulet)
HPRegen 0.24/turn                (no ring)
MPRegen 0.09/turn                (no ring)

@: berserking, on fire, glowing, very quick
A: horns 2, retaliatory headbutt
a: Renounce Religion, Berserk, Trog's Hand


You were in the Dungeon.
You worshipped Trog.
Trog was most pleased with you.
You visited 1 branch You collected 31 gold pieces.

Inventory:

Hand Weapons
 a - a +0 hand axe (weapon)
Missiles
 i - 5 stones (quivered)
Armour
 b - a +0 animal skin (worn)
Wands
 j - a wand of roots (11)
Scrolls
 h - a scroll of blinking
 l - a scroll of immolation
 o - 2 scrolls of torment {unknown}
Potions
 c - a potion of curing
 d - a potion of heal wounds
 e - 2 potions of haste
 f - 2 potions of magic
 g - a potion of berserk rage
 k - 3 potions of mutation
 p - 2 potions of flight


   Skills:
 + Level 8.5 Fighting
 + Level 9.0 Axes
 + Level 4.7 Armour
 + Level 4.4 Dodging


You had 4 spell levels left.
You didn't know any spells.
Your spell library was empty.

Dungeon Overview and Level Annotations

Branches:
Dungeon (1/1)

Altars:
Elyvilon
Zin
The Shining One


Innate Abilities, Weirdness & Mutations

You have a pair of horns on your head.
You reflexively headbutt those who attack you in melee.


Message History

There is an open door here.
The deep elf pyromancer hits you with a +0 long sword of holy wrath!
You close the door.
The deep elf pyromancer hits you with a +0 long sword of holy wrath!
A red film seems to cover your vision as you go berserk!
You feel yourself moving faster!
You feel mighty!
The deep elf pyromancer hits you with a +0 long sword of holy wrath!
You slash the deep elf pyromancer!
The deep elf pyromancer is moderately wounded.
The deep elf pyromancer points at you and mumbles some strange words.
The bolt of fire hits you!!
* * * LOW HITPOINT WARNING * * *
You barely miss the deep elf pyromancer.
The deep elf pyromancer is moderately wounded.
You hit the deep elf pyromancer. You headbutt the deep elf pyromancer!
The deep elf pyromancer is severely wounded.
The deep elf pyromancer points at you and mumbles some strange words.
The sticky flame hits you!
You are covered in liquid flames!
* * * LOW HITPOINT WARNING * * *
You closely miss the deep elf pyromancer.
The deep elf pyromancer is severely wounded.
You are covered in liquid flames!
* * * LOW HITPOINT WARNING * * *
You closely miss the deep elf pyromancer.
The deep elf pyromancer is severely wounded.
You are covered in liquid flames!
* * * LOW HITPOINT WARNING * * *
The deep elf pyromancer hits you with a +0 long sword of holy wrath.
* * * LOW HITPOINT WARNING * * *
You slash the deep elf pyromancer!
The deep elf pyromancer is almost dead.
You are covered in liquid flames!
* * * LOW HITPOINT WARNING * * *
You barely miss the deep elf pyromancer.
The deep elf pyromancer is almost dead.
You are covered in liquid flames!
* * * LOW HITPOINT WARNING * * *
The deep elf pyromancer hits you with a +0 long sword of holy wrath!
You die...

▓▓▓▓ ▓▓▓ ...####
##.#####
......#####..#___#
.......#!.#..#!e@#
#.##...#..#..###+#+###+#
#.###..##'#..#..........
##)##..###...'.⌠........
..##..####...#...######+
..##..###....#.⌠.#
.##...##.....#...#
##....#......#+###
##..##.#.....#


You could see a deep elf pyromancer.

Vanquished Creatures
  A scorpion (D)
  A water elemental (D)
  Jessica (D)
  A human (D)
  3 rats (D)
7 creatures vanquished.

Notes
Turn   | Place    | Note
-------+----------+-------------------------------------------
     0 | D        | snetch the Minotaur Berserker began the quest for the Orb.
     0 | D        | Reached XP level 1. HP: 19/19 MP: 0/0
    12 | D        | Reached skill level 4 in Axes
    65 | D        | Reached ** piety under Trog
    69 | D        | Noticed Jessica
    79 | D        | Killed Jessica
    80 | D        | Reached skill level 5 in Fighting
    80 | D        | Reached skill level 5 in Axes
    80 | D        | Reached XP level 2. HP: 30/30 MP: 1/1
   106 | D        | Reached skill level 6 in Axes
   106 | D        | Reached XP level 3. HP: 24/37 MP: 2/2
   214 | D        | Noticed a scorpion
   227 | D        | Killed a scorpion
   228 | D        | Reached skill level 7 in Axes
   228 | D        | Reached XP level 4. HP: 47/47 MP: 3/3
   331 | D        | Noticed a water elemental
   338 | D        | Killed a water elemental
   338 | D        | Reached *** piety under Trog
   339 | D        | Reached skill level 9 in Axes
   339 | D        | Reached XP level 5. HP: 36/56 MP: 4/4
   452 | D        | Found a glowing silver altar of Zin.
   452 | D        | Found a glowing golden altar of the Shining One.
   452 | D        | Found a white marble altar of Elyvilon.
   483 | D        | Noticed a deep elf pyromancer
   493 | D        | Slain by a deep elf pyromancer

Illustrated notes

Levels and vault maps discovered:
D:        dungeon_sprint_mu [sprint_mu_entry_cave, sprint_mu_temple_rooms,
          sprint_mu_d1_horrors, sprint_mu_d2_genie, sprint_mu_d3_branching,
          sprint_mu_orc_legion, sprint_mu_elf_gauntlet, sprint_mu_hive_nellie,
          sprint_mu_lair_fedhas, sprint_mu_vaults_butterflies,
          sprint_mu_slime_circle, sprint_mu_swamp_cave, sprint_mu_shoals_kraken,
          sprint_mu_blade_basic, sprint_mu_crypt_fortress,
          sprint_mu_tomb_spiral, sprint_mu_vestibule_basic,
          sprint_mu_gehenna_hellfire, sprint_mu_dis_giant,
          sprint_mu_tartarus_statrot, sprint_mu_cocytus_islands, sprint_mu_zot1]

Skill      XL: |  1  2  3  4 |
---------------+-------------+-----
Fighting       | 5 6 7 8 |  8.5
Axes           | 5 6 7 9 |  9.0
Armour         | 3 4 |  4.7
Dodging        | 3 4 |  4.4

Action                   |  1- 3 |  4- 6 || total
-------------------------+-------+-------++-------
Melee: Hand axe          |    21 |    11 ||    32
       Headbutt          |     5 |     2 ||     7
Invok: Berserk           |     1 |     1 ||     2
  Use: Scroll            |       |     3 ||     3
Armor: Animal skin       |     2 |       ||     2
Dodge: Dodged            |     8 |     3 ||    11

Table legend: (Time is in decaauts)
 A = Elapsed time spent in this place.
 B = Non-inter-level travel time spent in this place.
 C = Inter-level travel time spent in this place.
 D = Time resting spent in this place.
 E = Time spent auto-exploring this place.
 F = Levels seen in this place.
 G = Mean time per level.
                   A        B        C        D        E       F      G
               +--------+--------+--------+--------+--------+-----+--------+
         Total |    500 |    500 |      0 |      7 |    407 |   1 |  500.0 |
       Dungeon |    500 |    500 |      0 |      7 |    407 |   1 |  500.0 |
               +--------+--------+--------+--------+--------+-----+--------+

Top non-repeatable levels by time:
       D: 500 daAuts
